 Dungeon Crawl Stone Soup version 0.28.0-53-g5a82cb258f (webtiles) character file.

Game seed: 809197040456153624

26 infcreate the Sneak (level 2, 15/15 HPs)
             Began as a Vampire Enchanter on Aug 2, 2022.
             Quit the game on level 2 of the Dungeon.
             The game lasted 00:02:43 (1346 turns).

infcreate the Sneak (Vampire Enchanter)             Turns: 1346, Time: 00:02:43

Health: 15/15      AC:  2    Str:  7    XL:     2   Next: 89%
Magic:  5/5        EV: 12    Int: 17    God:
Gold:   43         SH:  0    Dex: 14    Spells: 3/5 levels left

rFire   + . .      SeeInvis +   a - +1 dagger
rCold   + . .      Faith    .   (no shield)
rNeg    + + +      Spirit   .   b - +0 robe
rPois   ∞          Reflect  .   (no helmet)
rElec   .          Harm     .   (no cloak)
rCorr   .          Rampage  .   (no gloves)
Will    .....                   (no boots)
Stlth   +++++.....              (no amulet)
HPRegen 0.05/turn               F - ring of fire
MPRegen 0.09/turn               (no ring)

@: bloodless
A: bloodless, fangs 3, see invisible, vampiric 1
a: Revivify


You were on level 2 of the Dungeon.
You visited 1 branch of the dungeon, and saw 2 of its levels.

You collected 43 gold pieces.


Innate Abilities, Weirdness & Mutations

You do not regenerate when monsters are visible.
You are frail without blood (-20% HP).
You can heal yourself when you bite living creatures.
You are immune to poison.
You have razor-sharp teeth.
You have supernaturally acute eyesight. (SInv)
You are afflicted with vampirism.


   Skills:
 + Level 1.7 Short Blades
 + Level 2.5 Dodging
 + Level 4.8 Stealth
 + Level 2.2 Spellcasting
 + Level 4.8 Hexes


You had 3 spell levels left.
You knew the following spells:

 Your Spells              Type           Power      Damage    Failure   Level
e - Ensorcelled Hibernat  Hex/Ice        20%        N/A       11%         2

Your spell library contained the following spells:

 Spells                   Type           Power      Damage    Failure   Level
 Confusing Touch          Hex            18%        N/A       8%          3
 Tukima's Dance           Hex            18%        N/A       8%          3
 Dazzling Flash           Conj/Hex       20%        N/A       22%         3

Inventory:

Hand Weapons
 a - a +1 dagger (weapon)
Missiles
 f - 5 stones (quivered)
 g - 8 poisoned darts
Armour
 b - a +0 robe (worn)
Jewellery
 F - a ring of fire (left hand)
Potions
 c - a potion of invisibility
 e - a potion of flight

Dungeon Overview and Level Annotations

Branches:
Dungeon (2/15)

Altars:

#.# ### #.#
...# #.##
....###..
......... #
......#.####.#
........<....#
.....#...####
... #.@## .
#..# #..# #..#
#..#
.......?...#
............#
.....?.......#
##...........#


There were no monsters in sight!


Message History

You kill the ball python!
No target in view!
You see here a hobgoblin corpse.
Found a hand axe.
Found a stone staircase leading down.
f - 5 stones (gained 1)
You open the door.
There is an open door here.
You open the door.
There is an open door here.
There is an open door here.
Done exploring.
Done exploring.
Search for what [Enter for "throw", or ? for help]?
There is a stone staircase leading down here.
You climb downwards.
Found a fuming puce potion and a scroll labelled MIAMEU UHISCHE.
There is a stone staircase leading up here.
h - a fuming puce potion
Okay, then.
There is a stone staircase leading up here.
As you read the scroll labelled MIAMEU UHISCHE, it crumbles to dust.
It is a scroll of identify.
h - a potion of lignification
As you read the scroll of identify {@r1}, it crumbles to dust.
e - a potion of flight You drop a potion of lignification.
Found a scroll of identify.
An adder comes into view.
Are you sure you want to abandon this character and quit the game? (Confirm with "yes".)

Action                   || total
-------------------------++-------
Melee: Dagger            ||    53
       Bite              ||     5
Throw: Stone             ||     5
 Cast: Ensorcelled Hiber ||     9
 Abil: Exsanguinate      ||     1
  Use: Scroll            ||     2
 Stab: Sleeping          ||    12
Armor: Robe              ||     5
Dodge: Dodged            ||    23

Levels and vault maps discovered:
D:1:      lemuel_arrival_hallway, layout_basic
D:2:      layout_rooms, serial_shops, nicolae_shop_window_shopping

Notes
Turn   | Place    | Note
-------+----------+-------------------------------------------
     0 | D:1      | infcreate the Vampire Enchanter began the quest for the
                  | Orb.
     0 | D:1      | Reached XP level 1. HP: 13/13 MP: 3/3
   561 | D:1      | Reached XP level 2. HP: 10/15 MP: 5/5
   571 | D:1      | Learned a level 2 spell: Ensorcelled Hibernation
  1346 | D:2      | Quit the game

Vanquished Creatures
  A dart slug (D:1)
  4 ball pythons (D:1)
  A bat (D:1)
  3 endoplasms (D:1)
  2 goblins (D:1)
  5 hobgoblins (D:1)
  A frilled lizard (D:1)
  2 kobolds (D:1)
  3 rats (D:1)
22 creatures vanquished.

Table legend: (Time is in decaauts)
 A = Elapsed time spent in this place.
 B = Non-inter-level travel time spent in this place.
 C = Inter-level travel time spent in this place.
 D = Time resting spent in this place.
 E = Time spent auto-exploring this place.
 F = Levels seen in this place.
 G = Mean time per level.
                   A        B        C        D        E       F      G
               +--------+--------+--------+--------+--------+-----+--------+
         Total |   1342 |   1330 |     12 |      0 |   1086 |   2 |  671.0 |
       Dungeon |   1342 |   1330 |     12 |      0 |   1086 |   2 |  671.0 |
               +--------+--------+--------+--------+--------+-----+--------+

Top non-repeatable levels by time:
     D:1: 1325 daAuts
     D:2: 16 daAuts

Table legend:
 A = Non-vault XP
 B = Vault XP
 C = Vault XP percentage of total XP
 D = Non-vault monster count
 E = Vault monster count
 F = Vault count percentage of total count
                 A         B        C        D         E       F
            +---------+---------+-------+---------+---------+-------
      Total |      38 |       0 |   0.0 |      22 |       0 |   0.0
            +---------+---------+-------+---------+---------+-------
        D:1 |      38 |       0 |   0.0 |      22 |       0 |   0.0
            +---------+---------+-------+---------+---------+-------
